 Dungeon Crawl Stone Soup version 0.31-a0-187-gba352fbbf7 (webtiles) character file.

Game seed: 5565152375361656495

403 qw the Skirmisher (level 6, 0/35 HPs)
             Began as a Deep Elf Hunter on June 22, 2023.
             Slain by a gnoll
             ... wielding a +0 spear
             ... led by a gnoll bouda
              (2 damage)
             ... on level 4 of the Dungeon.
             The game lasted 00:01:04 (3113 turns).

qw the Skirmisher (Deep Elf Hunter)                 Turns: 3113, Time: 00:01:05

Health: 0/35       AC:  7    Str: 10    XL:     6   Next: 55%
Magic:  8/8        EV:  9    Int: 14    God:
Gold:   136        SH:  0    Dex: 18    Spells: 5/5 levels left

rFire   . . .        Y - +2 shortbow
rCold   . . .        (shield currently unavailable)
rNeg    . . .        a - +0 scale mail
rPois   +            (no helmet)
rElec   .            (no cloak)
rCorr   +            (no gloves)
SInv    .            h - +0 pair of boots
Will    .....        (no amulet)
Stlth   +            j - ring of poison resistance
HPRegen 0.25/turn    c - ring of resist corrosion
MPRegen 0.11/turn

%: no passive effects
@: no status effects
A: no striking features
a: no special abilities


You were on level 4 of the Dungeon.
You visited 1 branch of the dungeon, and saw 4 of its levels.

You collected 136 gold pieces.


   Skills:
 + Level 1.7 Fighting
 - Level 10.0 Ranged Weapons
 - Level 1.3 Armour
 - Level 2.4 Dodging
 - Level 1.2 Stealth


You had 5 spell levels left.
You didn't know any spells.
Your spell library was empty.

Inventory:

Hand Weapons
 Y - a +2 shortbow (weapon)
Armour
 a - a +0 scale mail (worn)
 h - a +0 pair of boots (worn)
Jewellery
 c - a ring of resist corrosion (right hand)
 j - a ring of poison resistance (left hand)
Scrolls
 d - 2 scrolls of identify
 l - a scroll of immolation {unknown}
Potions
 b - a potion of enlightenment {unknown}
 e - a potion of ambrosia {unknown}
 f - a potion of haste
 g - a potion of invisibility {unknown}
 i - a potion of lignification {unknown}
 k - 3 potions of curing

Dungeon Overview and Level Annotations

Branches:
Dungeon (4/15)
 Temple: D:4-7

Altars:
Uskayaw
The Shining One


Message History

Enter note:
Enter note:
Enter note:
Enter note: You shoot an arrow.
The arrow hits the gnoll but does no damage.
You hear a shout!
The gnoll bouda barks out a call to the hunt!
The gnolls pick up the pace!
You hear a shout!
You shoot an arrow. The arrow hits the gnoll.
The gnoll is moderately wounded.
A gnoll comes into view. It is wielding a +0 spear.
The gnoll hits you from afar with a +0 spear.
The gnoll hits you with a +0 flail.
You shoot an arrow. The arrow hits the gnoll.
The gnoll is severely wounded.
An orc comes into view. It is wielding a +1 dagger of freezing.
The gnoll hits you with a +0 flail. The gnoll misses you.
You shoot an arrow. The arrow hits the gnoll.
You kill the gnoll!
The gnoll hits you from afar with a +0 spear.
3107 ||| Stepping ~*~*~tactically~*~*~ (outnumbered).
You start resting.
A gnoll bouda is nearby!
You shoot an arrow. The arrow hits the gnoll bouda.
The gnoll bouda is lightly wounded.
The gnoll bouda hits you with a +0 club.
You shoot an arrow.
The arrow barely misses the gnoll bouda.
The arrow barely misses the orc.
The gnoll bouda hits you with a +0 club.
You shoot an arrow. The arrow hits the gnoll bouda!
The gnoll bouda is heavily wounded.
The gnoll hits you from afar with a +0 spear.
The gnoll bouda closely misses you. The orc closely misses you.
You shoot an arrow.
The arrow closely misses the gnoll bouda.
The gnoll hits you from afar with a +0 spear.
You die...

#.................
##..##..##.######
##..##.###..#
#....#......##
#....#.......+ ####
##.###.###..##
#..####.###.###'##
............#....#
............#...@#
............#..og#
.<..........#....g.g....
##########.###...##o....
#######.##+# #...# ....
.......... ..... o..
.......... ......# ..
........ ..)...)...
.......# .#........
..................#
+........


You could see a gnoll bouda, a gnoll (swift) and an orc.

Vanquished Creatures
  Sigmund (D:4)
  An orc priest (D:4)
  An orc wizard (D:4)
  Terence (D:3)
  A gnoll (D:4)
  7 adders
  A white imp (D:3)
  A worm (D:3)
  A dart slug (D:1)
  3 orcs
  5 endoplasms
  6 giant cockroaches
  2 hobgoblins
  3 jackals (D:1)
  A quokka (D:1)
  3 ball pythons
  7 bats
  5 frilled lizards
  8 goblins
  2 goblin skeletons (D:3)
  A goblin zombie (D:3)
  2 hobgoblin zombies (D:3)
  6 kobolds
  3 kobold skeletons (D:3)
  An orc skeleton (D:3)
  2 orc zombies (D:3)
  2 rats
77 creatures vanquished.

Notes
Turn   | Place    | Note
-------+----------+-------------------------------------------
     0 | D:1      | qw the Deep Elf Hunter began the quest for the Orb.
     0 | D:1      | Reached XP level 1. HP: 12/12 MP: 3/3
     0 | D:1      | 0 ||| qw: Version: 0.3-a-9-g12657ce
     0 | D:1      | 0 ||| qw: Game counter: 2705
     0 | D:1      | 0 ||| qw: Always use a shield: true
     0 | D:1      | 0 ||| qw: God list: Okawaru
     0 | D:1      | 0 ||| qw: Allow faded altars: false
     0 | D:1      | 0 ||| qw: Do Orc after D:15 true
     0 | D:1      | 0 ||| qw: Do second Lair branch before Depths: true
     0 | D:1      | 0 ||| qw: Lair rune preference: random
     0 | D:1      | 0 ||| qw: Plans: Normal
     0 | D:1      | 0 ||| PLANNING D:1-11
   297 | D:1      | Reached skill level 6 in Ranged Weapons
   297 | D:1      | Reached XP level 2. HP: 16/16 MP: 4/4
   698 | D:1      | Reached XP level 3. HP: 20/20 MP: 5/5
   739 | D:1      | 739 ||| DROPPING +0 hat of stealth.
   740 | D:1      | 740 ||| UPGRADING to ring of poison resistance.
   741 | D:1      | 741 ||| READING 2 scrolls labelled PERARO AVUD.
   742 | D:1      | 742 ||| READING scroll of enchant weapon.
   742 | D:1      | 742 ||| ENCHANTING +1 shortbow.
   743 | D:1      | 743 ||| READING 2 scrolls labelled USEOWI MOJY.
   744 | D:1      | 744 ||| READING scroll labelled EVITTE QUNISOS.
   745 | D:1      | 745 ||| DROPPING scroll of butterflies.
   746 | D:1      | 746 ||| DROPPING scroll of poison.
   821 | D:2      | Reached skill level 7 in Ranged Weapons
  1118 | D:2      | Found a faded altar of an unknown god.
  1672 | D:2      | 1672 ||| DROPPING scarf of invisibility.
  1673 | D:2      | 1673 ||| READING scroll labelled FUMAAF XUC HOTUO.
  1712 | D:2      | 1712 ||| READING scroll labelled VIMMICLUMI.
  1716 | D:2      | 1716 ||| READING 2 scrolls labelled RAXZECV HAPEO.
  1717 | D:2      | 1717 ||| DRINKING 2 glowing grey potions.
  1785 | D:3      | Reached XP level 4. HP: 11/25 MP: 6/6
  1792 | D:3      | HP: 5/25 [adder (3)]
  1902 | D:3      | Noticed Terence
  1912 | D:3      | Killed Terence
  1986 | D:3      | Reached skill level 8 in Ranged Weapons
  2016 | D:3      | 2016 ||| FLEEEEING.
  2017 | D:3      | 2017 ||| FLEEEEING.
  2018 | D:3      | 2018 ||| FLEEEEING.
  2019 | D:3      | 2019 ||| FLEEEEING.
  2020 | D:3      | 2020 ||| FLEEEEING.
  2021 | D:3      | 2021 ||| FLEEEEING.
  2022 | D:3      | 2022 ||| FLEEEEING.
  2023 | D:3      | 2023 ||| STAIRDANCE
  2037 | D:2      | 2037 ||| UPGRADING to +0 scale mail.
  2047 | D:2      | 2047 ||| DROPPING +0 leather armour.
  2048 | D:2      | 2048 ||| UPGRADING to +0 pair of boots.
  2053 | D:2      | 2053 ||| DRINKING 2 amethyst potions.
  2070 | D:3      | Found a glowing golden altar of the Shining One.
  2230 | D:3      | Reached XP level 5. HP: 29/29 MP: 7/7
  2264 | D:3      | Found a hide-covered altar of Uskayaw.
  2264 | D:3      | Noticed a +0 dagger
  2264 | D:3      | Noticed a +0 dagger
  2268 | D:3      | 2268 ||| DROPPING ring of wizardry.
  2742 | D:3      | 2742 ||| UPGRADING to ring of resist corrosion.
  2743 | D:3      | 2743 ||| READING scroll labelled WIRYRYTIQO.
  2744 | D:3      | 2744 ||| READING 2 scrolls of identify.
  2744 | D:3      | 2744 ||| IDENTIFYING fuming sapphire potion
  2745 | D:3      | 2745 ||| DROPPING potion of brilliance.
  2981 | D:4      | Noticed Sigmund
  2989 | D:4      | Killed Sigmund
  2990 | D:4      | Reached skill level 10 in Ranged Weapons
  2990 | D:4      | Reached XP level 6. HP: 29/34 MP: 8/8
  3056 | D:4      | 3056 ||| DRINKING 4 potions of curing.
  3056 | D:4      | 3056 ||| (to cure confusion)
  3059 | D:4      | Reached skill level 1 in Armour
  3107 | D:4      | 3107 ||| Stepping ~*~*~tactically~*~*~ (outnumbered).
  3111 | D:4      | HP: 6/35 [gnoll bouda/+0 club (5)]
  3112 | D:4      | HP: 2/35 [gnoll/+0 spear[a gnoll bouda] (5)]
  3113 | D:4      | Slain by a gnoll

Levels and vault maps discovered:
D:1:      shiori_arrival_elements, layout_basic, minmay_cupped
D:2:      layout_basic, basic_ecumenical_altar, serial_aquarium,
          aquarium_bridge_long_separate [aquarium_subvault_bridge,
          aquarium_subvault_bridge, aquarium_subvault_bridge,
          aquarium_subvault_bridge, aquarium_subvault_bridge,
          aquarium_subvault_wall], aquarium_window_corner, aquarium_window_2,
          aquarium_window_fake, aquarium_view_2f, aquarium_pool_side,
          chequers_arboretum, kennysheep_generic_room_16
D:3:      mumra_celtic_spiral_tile, layout_basic, dancing_weapons_uskayaw,
          nicolae_tso_besieged_by_evil, uniq_terence
D:4:      layout_gridville, dk_yredelemnul_ordeal, temple_doors_e,
          grunt_ministairs_6, lightli_minifort, uniq_ijyb, uniq_sigmund

Skill      XL: |  1  2  3  4  5  6 |
---------------+-------------------+-----
Ranged Weapons | 6 7 8 10 | 10.0
Armour         | 1 |  1.3
Fighting       | |  1.7
Dodging        | |  2.4
Stealth        | |  1.2

Action                     |  1- 3 |  4- 6 || total
---------------------------+-------+-------++-------
   Fire: Shortbow          |    92 |   113 ||   205
    Use: Scroll            |     7 |     2 ||     9
         Potion            |     1 |     2 ||     3
 Armour: Leather armour    |     9 |     3 ||    12
         Scale mail        |       |     9 ||     9
  Dodge: Dodged            |    16 |    25 ||    41

Table legend:
 A = Non-vault XP
 B = Vault XP
 C = Vault XP percentage of total XP
 D = Non-vault monster count
 E = Vault monster count
 F = Vault count percentage of total count
                 A         B        C        D         E       F
            +---------+---------+-------+---------+---------+-------
      Total |     259 |     318 |  55.1 |      57 |      20 |  26.0
            +---------+---------+-------+---------+---------+-------
        D:1 |      40 |       4 |   9.1 |      23 |       2 |   8.0
        D:2 |      35 |       3 |   7.9 |       8 |       2 |  20.0
        D:3 |      83 |      57 |  40.7 |      19 |      13 |  40.6
        D:4 |     101 |     254 |  71.5 |       7 |       3 |  30.0
            +---------+---------+-------+---------+---------+-------
